 Dungeon Crawl Stone Soup version 0.30.1-11-g7821555f0a (webtiles) character file.

Game seed: 14561644638614382646

13 Psyclone the Conjurer (level 2, 15/15 HPs)
             Began as a Deep Elf Conjurer on Nov 7, 2023.
             Quit the game on level 1 of the Dungeon.
             The game lasted 00:01:36 (1094 turns).

Psyclone the Conjurer (Deep Elf Conjurer)           Turns: 1094, Time: 00:01:37

Health: 15/15      AC:  2    Str:  2 (4)  XL:     2   Next: 24%
Magic:  8/8        EV: 12    Int: 20 (22) God:
Gold:   79         SH:  0    Dex: 12 (13) Spells: 6/7 levels left

rFire   . . .        (no weapon)
rCold   . . .        (no shield)
rNeg    . . .        a - +0 robe
rPois   .            (no helmet)
rElec   .            (no cloak)
rCorr   .            (no gloves)
SInv    .            (no boots)
Will    .....        (no amulet)
Stlth   ++           (no ring)
HPRegen 0.22/turn    (no ring)
MPRegen 0.11/turn

%: no passive effects
@: hasted, very quick
A: no striking features
a: no special abilities


You were on level 1 of the Dungeon.
You visited 1 branch of the dungeon, and saw 1 of its levels.

You collected 79 gold pieces.

Inventory:

Armour
 a - a +0 robe (worn)
Scrolls
 e - a scroll of poison
Potions
 b - a potion of magic
 d - 2 potions of haste
 g - a potion of might


   Skills:
 - Level 2.4 Dodging
 - Level 2.4 Stealth
 + Level 3.4 Spellcasting
 * Level 4.8 Conjurations


You had 6 spell levels left.
You knew the following spells:

 Your Spells              Type           Power      Damage    Failure   Level
a - Magic Dart            Conj           88%        1d7       1%          1

Your spell library contained the following spells:

 Spells                   Type           Power      Damage    Failure   Level
 Searing Ray              Conj           44%        2d6       2%          2
 Dazzling Flash           Conj/Hex       26%        N/A       16%         3
 Fulminant Prism          Conj/Hex       6%         3d7       45%         4
 Iskenderun's Mystic Bla  Conj/Tloc      13%        2d5       45%         4


Dungeon Overview and Level Annotations

Branches:
Dungeon (1/15) Zot: 4877

Altars:


Message History

The magic dart hits the rat!
You kill the rat!
You now have 7/8 mp.
Found a ring mail.
MP restored: 8 You see here a +0 ring mail.
You open the large door.
There is a large open door here.
You now have 79 gold pieces (gained 11).
There is a large open door here.
There is a large open door here.
There is a shaft here.
You open the door.
There is a shaft here.
There is a large open door here.
You see here a staff of air.
Partly explored, can't reach some places.
Partly explored, can't reach some places.
As you read the scroll labelled VAMUSE HEILUEV, it crumbles to dust.
It is a scroll of amnesia.
Really abort (and waste the scroll)?
Okay, then.
The air fills with toxic fumes!
As you read the scroll labelled REEBYS UFFO, it crumbles to dust.
It was a scroll of poison.
As you read the scroll labelled IZOSSISORE, it crumbles to dust.
You feel strangely unstable.
It was a scroll of teleportation.
As you read the scroll labelled COZITTOMETZ, it crumbles to dust.
You hear a loud clanging noise!
It was a scroll of noise.
As you read the scroll labelled VUPHON KEGIFF, it crumbles to dust.
It is a scroll of identify.
g - a potion of might It was a potion of haste.
You feel yourself speed up.
Your surroundings suddenly seem different.
It was a potion of degeneration.
There was something very wrong with that liquid.
You feel weakened.
You feel dopey.
You feel clumsy.
Okay, then.
Are you sure you want to abandon this character and quit the game? (Confirm with "yes".)

#.# #.#...#####...##
#.# #...#.......#..#
#.# #.#...#####...##
#.###†##.## ##.##
#.#.'..#.# #.#
##.#.#..#.# #.#
...#.##.#.# #.#
...#...##.## ##.##
...##..#...#####@..###
...##.#†.#.......#...#
......##...#####...#.#
...######.### ##.##.#
>..# #.....########.#
...# #..............#
..># #.....##########
...####.....#
....†.#.....#


There were no monsters in sight!

Vanquished Creatures
  A dart slug (D:1)
  A ball python (D:1)
  An endoplasm (D:1)
  2 giant cockroaches (D:1)
  A quokka (D:1)
  A bat (D:1)
  A frilled lizard (D:1)
  A goblin (D:1)
  2 rats (D:1)
11 creatures vanquished.

Notes
Turn   | Place    | Note
-------+----------+-------------------------------------------
     0 | D:1      | Psyclone the Deep Elf Conjurer began the quest for the Orb.
     0 | D:1      | Reached XP level 1. HP: 10/10 MP: 6/6
   540 | D:1      | Reached XP level 2. HP: 15/15 MP: 5/8
  1094 | D:1      | Quit the game

Illustrated notes

Levels and vault maps discovered:
D:1:      denvon_arrival_planthouse, layout_basic, minmay_misc_feat_ornament,
          minmay_misc_feat_tower, serial_bayou_lake_a

Action                     || total
---------------------------++-------
  Melee: Unarmed           ||     1
   Cast: Magic Dart        ||    20
    Use: Scroll            ||     5
         Potion            ||     2
  Dodge: Dodged            ||     1
